 Dungeon Crawl Stone Soup version 0.26.1-11-gd32895ea62 (webtiles) character file.

Game seed: 4921241384467750715

46727 phalm the Thaumaturge (level 14, -10/104 HPs)
             Began as a Demonspawn Conjurer on June 16, 2021.
             Was a High Priest of Vehumet.
             Mangled by a death yak (19 damage)
             ... on level 6 of the Lair of Beasts.
             The game lasted 01:00:47 (23976 turns).

phalm the Thaumaturge (Demonspawn Conjurer)        Turns: 23976, Time: 01:00:48

Health: -10/104    AC: 25    Str:  7    XL:     14   Next: 5%
Magic:  2/30       EV: 16    Int: 25    God:    Vehumet [*****.]
Gold:   837        SH:  5    Dex: 12    Spells: 17/38 levels left

rFire    + . .     SeeInvis .   F - +2 trident (venom)
rCold    + + .     Faith    .   (no shield)
rNeg     + . .     Spirit   .   o - +2 robe {rN+}
rPois    +         Reflect  +   Q - +2 helmet of Tuxteepp {rElec rCorr Stlth+}
rElec    +         Harm     .   b - scarf {rC+ rF+}
rCorr    +         Rampage  .   t - +1 pair of gloves
Will     +....                  E - +1 pair of boots {run}
Stlth    +++.......             H - amulet of reflection
HPRegen  0.27/turn              Z - ring of wizardry
MPRegen  0.22/turn              P - ring of poison resistance

@: quick
A: claws 1, slimy green scales 2, cold resistance 1, foul stench 1, icemail,
miasma immunity, freezing cloud immunity
a: Renounce Religion


You were on level 6 of the Lair of Beasts.
You worshipped Vehumet.
Vehumet was extremely pleased with you.
You visited 3 branches of the dungeon, and saw 18 of its levels.

You collected 1242 gold pieces.
You spent 405 gold pieces at shops.


Innate Abilities, Weirdness & Mutations

You have sharp fingernails.
You are mostly covered in slimy green scales. (AC +3)
Your flesh is cold resistant. (rC+)
You may emit foul miasma when damaged in melee.
A meltable icy envelope protects you from harm. (AC +10)
You are immune to miasma.
You are immune to freezing clouds.


   Skills:
 + Level 7.9 Fighting
 - Level 5.0 Armour
 + Level 7.3 Dodging
 - Level 1.7 Stealth
 - Level 4.0 Shields
 * Level 12.8 Spellcasting
 + Level 10.8 Conjurations
 - Level 4.0 Hexes
 - Level 4.0 Translocations
 + Level 7.1 Ice Magic
 - Level 4.0 Air Magic
 * Level 5.5 Poison Magic


You had 17 spell levels left.
You knew the following spells:

 Your Spells              Type           Power        Failure   Level
c - Mephitic Cloud        Conj/Pois/Air  49%          1%          3
f - Fulminant Prism       Conj/Hex       26%          1%          4
m - Magic Dart            Conj           100%         1%          1
o - Olgreb's Toxic Radia  Pois           43%          1%          4
r - Frozen Ramparts       Ice            100%         1%          3
s - Searing Ray           Conj           100%         1%          2
X - Iskenderun's Mystic   Conj/Tloc      52%          1%          4

Your spell library contained the following spells:

 Spells                   Type           Power        Failure   Level
 Freezing Cloud           Conj/Ice/Air   25%          3%          6
 Blink                    Tloc           N/A          1%          2
 Slow                     Hex            36%          1%          2
 Conjure Flame            Conj/Fire      43%          1%          3
 Dazzling Flash           Conj/Hex       100%         1%          3
 Call Imp                 Summ           16%          2%          2

Inventory:

Hand Weapons
 F - a +2 trident of venom (weapon)
   (You found it on level 7 of the Dungeon)
Missiles
 a - 84 poisoned darts (quivered)
 h - 2 throwing nets {=f!f}
 w - 14 curare-tipped darts {=f}
 L - 2 atropa-tipped darts
Armour
 b - a scarf of resistance (worn)
   (You found it on level 4 of the Dungeon)
 i - a +2 robe of cold resistance
   (You took it off Fannar on level 3 of the Lair of Beasts)
 o - a +2 robe of positive energy (worn)
   (You took it off Jessica on level 2 of the Dungeon)
 t - a +1 pair of gloves (worn)
   (You found it on level 5 of the Dungeon)
 E - a +1 pair of boots of running (worn)
   (You found it on level 7 of the Dungeon)
 Q - the +2 helmet of Tuxteepp (worn) {rElec rCorr Stlth+}
   (You bought it in a shop on level 4 of the Dungeon)

   It insulates you from electricity.
   It provides partial protection from all sources of acid and corrosion.
   It makes you more stealthy.
Jewellery
 C - an uncursed ring of ice
   (You took it off Fannar on level 3 of the Lair of Beasts)
 H - an amulet of reflection (around neck)
   (You found it on level 8 of the Dungeon)
 P - a ring of poison resistance (right hand)
   (You found it on level 4 of the Dungeon)
 Z - a ring of wizardry (left hand)
   (You found it on level 4 of the Dungeon)
Wands
 d - a wand of paralysis (5)
   (You found it on level 7 of the Dungeon)
 n - a wand of acid (2)
   (You found it on level 3 of the Lair of Beasts)
 s - a wand of enslavement (15)
   (You found it on level 3 of the Dungeon)
 v - a wand of digging (4)
   (You found it on level 3 of the Dungeon)
 y - a wand of iceblast (8)
   (You found it on level 4 of the Lair of Beasts)
 z - a wand of polymorph (16)
   (You found it on level 6 of the Dungeon)
 A - a wand of random effects (14)
   (You found it on level 8 of the Dungeon)
 T - a wand of flame (9)
   (You found it on level 10 of the Dungeon)
Scrolls
 c - 4 scrolls of remove curse {@r2}
 e - a scroll of summoning
 g - a scroll of noise {!r}
 k - 10 scrolls of teleportation {@r4}
 m - 2 scrolls of immolation {!r!r}
 r - 2 scrolls of blinking {!r}
 B - 2 scrolls of vulnerability {unknown}
 X - a scroll of magic mapping {unknown}
Potions
 f - 6 potions of curing {@q1}
 l - 2 potions of haste {@q3}
 p - 4 potions of attraction {unknown}
 u - 2 potions of lignification {unknown}
 x - 3 potions of degeneration {unknown}
 D - a potion of invisibility {unknown}
 G - a potion of might {unknown}
 I - a potion of magic {unknown}
 J - 2 potions of brilliance {unknown}
 M - a potion of cancellation {unknown}
 U - 2 potions of flight {unknown}
 Y - a potion of ambrosia {unknown}
Miscellaneous
 K - a box of beasts
   (You found it on level 5 of the Lair of Beasts)

Dungeon Overview and Level Annotations

Branches:
Dungeon (11/15)            Temple (1/1) D:6            Lair (6/6) D:11
  Swamp (0/4) Lair:3        Snake (0/4) Lair:3        Slime (0/5) Lair:5
    Orc (0/2) D:10

Altars:
Ashenzari
Cheibriados
Dithmenos
Elyvilon
Fedhas
Gozag
Hepliaklqana
Kikubaaqudgha
Makhleb
Nemelex Xobeh
Okawaru
Qazlal
Ru
Sif Muna
Trog
Uskayaw
Vehumet
Wu Jian
Xom
Yredelemnul
Zin
The Shining One
Beogh
Jiyva

Shops:
D:4 [   D:8 *

Annotations:
Lair:5 1 runed translucent door

....# ...P#
.....#
....##
#####.....#
#@#^......#
##Y†.....##
#.<......#
#..(...†...#
##..(..°...#
##.#..°..##
##.......#
#.(....#
......#


You could see a death yak (very poisoned).


Message History

The frozen ramparts melt away.
The death yak gores you!
* * * LOW HITPOINT WARNING * * *
😱 HP[-17] MP[+1]
You take 17 damage, and now have 5/104 hp.
Casting: Iskenderun's Mystic Blast (safe; 1% risk of failure)
Confirm with . or Enter, or press ? or * to list all spells.
Casting: Frozen Ramparts (safe; 1% risk of failure)
Press: ? - help, Dir - look around, f - activate The walls around you are covered in ice.
The elephant seems less confused.
The wall freezes the death yak.
The death yak gores you but does no damage. 😱 MP[-3]
You lost 3 mp, and now have 0/30 mp.
You barely miss the death yak.
The death yak seems to regain its courage.
The wall freezes the death yak!
You kill the death yak!
Vehumet accepts your kill.
You feel your power returning.
Training target 4.0 for Shields reached!
Your Shields skill increases to level 4! 😱 HP[+1] MP[+5]
You regained 5 mp, and now have 5/30 mp.
You feel sick. 😱 HP[-1]
You take 1 damage, and now have 5/104 hp.
Throw: 91 darts (poison)
Press: ? - help, Q - select action, (/) - cycle Shift-Dir - straight line, f - elephant
Aim: an elephant (almost dead, 90% to hit)
You throw a poisoned dart.
The poisoned dart hits the elephant. 😱 MP[+1] 😱 HP[+1] Throw: 90 darts (poison)
Press: ? - help, Q - select action, (/) - cycle Shift-Dir - straight line, f/p - elephant
Aim: an elephant (severely wounded, 90% to hit)
You throw a poisoned dart.
The poisoned dart barely misses the elephant.
You feel sick.
You are no longer poisoned. 😱 HP[-1]
You take 1 damage, and now have 5/104 hp.
Throw: 89 darts (poison)
Press: ? - help, Q - select action, (/) - cycle Shift-Dir - straight line, f/p - elephant
Aim: an elephant (severely wounded, 90% to hit)
You throw a poisoned dart.
The poisoned dart barely misses the elephant. 😱 HP[+1] MP[+1] Throw: 88 darts (poison)
Press: ? - help, Q - select action, (/) - cycle Shift-Dir - straight line, f/p - elephant
Aim: an elephant (severely wounded, 90% to hit)
You throw a poisoned dart. The poisoned dart hits the elephant.
The elephant is poisoned.
Throw: 87 darts (poison)
Press: ? - help, Q - select action, (/) - cycle Shift-Dir - straight line, f/p - elephant
Aim: an elephant (almost dead, poisoned, 90% to hit)
You throw a poisoned dart. The poisoned dart hits the elephant.
The elephant looks even sicker. 😱 HP[+1]
Casting: Frozen Ramparts (safe; 1% risk of failure)
Confirm with . or Enter, or press ? or * to list all spells.
Aiming: Mephitic Cloud (safe; 1% risk of failure)
Press: ? - help, Shift-Dir - straight line The ball explodes into a vile cloud!
The stinking cloud engulfs the death yak but does no damage.
The frozen ramparts melt away. 😱 MP[-2]
You lost 2 mp, and now have 5/30 mp.
Throw: 86 darts (poison)
Press: ? - help, Q - select action, (/) - cycle Shift-Dir - straight line, f - elephant
Aim: an elephant (almost dead, very poisoned, 90% to hit)
You throw a poisoned dart. The poisoned dart hits the elephant.
The elephant looks even sicker.
The death yak is engulfed in noxious fumes.
Throw: 85 darts (poison)
Press: ? - help, Q - select action, (/) - cycle Shift-Dir - straight line, f/p - elephant
Aim: an elephant (almost dead, very poisoned, 90% to hit)
You throw a poisoned dart.
The poisoned dart completely misses the elephant.
Casting: Mephitic Cloud (safe; 1% risk of failure)
Confirm with . or Enter, or press ? or * to list all spells.
You erupt in a blast of force!
The mystic blast hits the death yak!
The mystic blast hits the elephant!
You kill the elephant!
Vehumet accepts your kill. 😱 HP[+1] MP[-4]
You lost 4 mp, and now have 1/30 mp.
As you read the scroll of fear, it crumbles to dust.
You assume a fearsome visage.
The death yak easily resists. 😱 MP[+1]
Okay, then.
Okay, then.
Okay, then.
Unknown command.
Okay, then.
As you read the scroll of fear, it crumbles to dust.
You assume a fearsome visage.
The death yak resists with almost no effort.
You block the death yak's attack.
You hit the death yak.
The death yak is poisoned.
The death yak gores you!!
You die...

Skill      XL: |  1  2  3  4  5  6  7  8  9 10 11 12 13 14 |
---------------+-------------------------------------------+-----
Spellcasting   | 3 4 5 6 7 9 10 11 12 | 12.8
Conjurations   | 5 6 7 8 9 10 | 10.8
Translocations | 1 2 3 4 |  4.0
Hexes          | 1 2 4 |  4.0
Dodging        | 2 4 5 6 7 |  7.3
Fighting       | 2 4 5 6 7 |  7.9
Ice Magic      | 2 3 5 6 7 |  7.1
Armour         | 2 3 5 |  5.0
Shields        | 2 3 4 |  4.0
Poison Magic   | 3 5 |  5.5
Air Magic      | 2 4 |  4.0
Stealth        | |  1.7

Action                   |  1- 3 |  4- 6 |  7- 9 | 10-12 | 13-15 || total
-------------------------+-------+-------+-------+-------+-------++-------
Melee: Short sword       |     4 |       |       |       |       ||     4
       Unarmed           |     1 |       |       |       |       ||     1
       Dagger            |       |    17 |       |       |       ||    17
       Quarterstaff      |       |       |    17 |       |       ||    17
       Staff             |       |       |    12 |    17 |       ||    29
       Trident           |       |       |     8 |   148 |   164 ||   320
Throw: Dart              |       |       |     4 |    78 |   101 ||   183
 Cast: Magic Dart        |    67 |   102 |   239 |   146 |     1 ||   555
       Searing Ray       |     1 |    16 |    53 |    90 |    24 ||   184
       Iskenderun's Myst |       |       |     7 |    44 |    23 ||    74
       Mephitic Cloud    |       |       |       |    11 |    29 ||    40
       Frozen Ramparts   |       |       |       |     9 |    20 ||    29
       Fulminant Prism   |       |       |       |     3 |       ||     3
Evoke: Wand              |       |       |     2 |    14 |       ||    16
  Use: Scroll            |       |     6 |     7 |     5 |     6 ||    24
       Potion            |       |       |       |       |     2 ||     2
 Stab: Confused          |       |       |       |     7 |    14 ||    21
Armor: Robe              |     9 |    10 |    47 |   118 |    72 ||   256
Dodge: Dodged            |     8 |    13 |    76 |   185 |   130 ||   412
Block: Other             |       |       |     8 |    52 |    49 ||   109
       Reflection        |       |       |     1 |     2 |     1 ||     4

Levels and vault maps discovered:
D:1:      erik_arrival_triangle_medium, layout_rooms
D:2:      layout_basic, uniq_jessica, uniq_natasha, uniq_crazy_yiuf_cottage
D:3:      layout_rooms
D:4:      layout_loops_ring, serial_shops, shop
D:5:      layout_rooms, bh_walls_and_bars
D:6:      layout_basic, minmay_temple_entry_gardened_gates
D:7:      lemuel_ice_spiral_2, layout_basic, grunt_temple_overflow_open
D:8:      layout_cave_pools, serial_column_ruins, column_ruins_circle_small,
          column_ruins_grid_1, column_ruins_open_tiny, column_ruins_grid_1,
          column_ruins_corridor_straight, minivault_14, nicolae_blasting_shop
D:9:      layout_cave_pools, pdpol_temple_overflow_zin_treasury_gozag_greed,
          minivault_24, mumra_transporter_accident, serial_bayou_pond_e,
          grunt_ogre_cave
D:10:     layout_layer_cave, minmay_orc_entry_temple_small, nicolae_sextant,
          the_bakery
D:11:     layout_roguey, dpeg_lair_monsters, elves_outpost_lemuel
Temple:   nicolae_temple_great_sept
Lair:1:   layout_hall_layers, minivault_26, grunt_megastairs_4
Lair:2:   layout_cave_shapes
Lair:3:   layout_hall_layers, swamp_mist, minmay_snake_entry_guardpost_small,
          infiniplex_staircase_pool_2, grunt_megastairs_5, uniq_fannar
Lair:4:   layout_cave_pods, uniq_nessos
Lair:5:   layout_loops_ring, slime_altar_2, uniq_sonja
Lair:6:   evilmike_catoblepas_cave, layout_cellular_growth

Notes
Turn   | Place    | Note
-------+----------+-------------------------------------------
     0 | D:1      | phalm the Demonspawn Conjurer began the quest for the Orb.
     0 | D:1      | Reached XP level 1. HP: 13/13 MP: 3/3
     0 | D:1      | magus.rc [v1.9.10]
   401 | D:1      | Gained mutation: You are partially covered in slimy green
                  | scales. (AC +2) [demonic ancestry]
   401 | D:1      | Reached XP level 2. HP: 19/19 MP: 1/5
   404 | D:1      | Learned a level 2 spell: Searing Ray
   904 | D:1      | Reached skill level 3 in Spellcasting
   904 | D:1      | Gained mutation: You have sharp fingernails. [demonic
                  | ancestry]
   904 | D:1      | Reached XP level 3. HP: 24/24 MP: 1/7
  1302 | D:2      | Noticed Natasha
  1305 | D:2      | Killed Natasha
  1419 | D:2      | Gained mutation: You are mostly covered in slimy green
                  | scales. (AC +3) [demonic ancestry]
  1419 | D:2      | Reached XP level 4. HP: 30/30 MP: 3/9
  1568 | D:2      | Learned a level 4 spell: Fulminant Prism
  1601 | D:2      | Noticed Jessica
  1696 | D:2      | Killed Jessica
  1981 | D:2      | Reached skill level 4 in Spellcasting
  2128 | D:2      | Noticed Natasha
  2132 | D:2      | Killed Natasha
  2133 | D:2      | Reached XP level 5. HP: 33/35 MP: 5/11
  2257 | D:2      | Found a runed translucent door.
  2258 | D:2      | Noticed Crazy Yiuf
  2310 | D:2      | Noticed Natasha
  2314 | D:2      | Killed Natasha
  2315 | D:2      | Reached skill level 5 in Conjurations
  2475 | D:2      | Killed Crazy Yiuf
  2634 | D:2      | Learned a level 4 spell: Iskenderun's Mystic Blast
  3190 | D:3      | Reached skill level 1 in Translocations
  3190 | D:3      | Reached XP level 6. HP: 41/41 MP: 0/13
  3761 | D:4      | Reached skill level 5 in Spellcasting
  3761 | D:4      | Reached skill level 1 in Hexes
  3799 | D:4      | Reached skill level 2 in Translocations
  3810 | D:4      | HP: 10/41 [poisoned by a scorpion]
  3816 | D:4      | HP: 9/41 [poisoned by a scorpion]
  3824 | D:4      | HP: 8/41 [poisoned by a scorpion]
  4019 | D:4      | Gained mutation: You are immune to miasma. [demonic
                  | ancestry]
  4019 | D:4      | Reached XP level 7. HP: 24/46 MP: 6/14
  4378 | D:4      | Found Epomur's Armour Boutique.
  4498 | D:4      | Reached skill level 2 in Hexes
  4890 | D:5      | Entered Level 5 of the Dungeon
  4913 | D:5      | Reached skill level 3 in Translocations
  5723 | D:6      | Reached skill level 6 in Spellcasting
  5830 | D:6      | Reached skill level 6 in Conjurations
  5830 | D:6      | Reached XP level 8. HP: 52/52 MP: 11/17
  5896 | D:6      | Reached skill level 3 in Hexes
  6127 | D:6      | Reached skill level 4 in Translocations
  6280 | D:6      | Found a staircase to the Ecumenical Temple.
  6286 | Temple   | Entered the Ecumenical Temple
  7023 | D:7      | You fall into a shaft and drop 1 floor!
  7146 | D:8      | Reached skill level 7 in Spellcasting
  7246 | D:8      | Reached skill level 4 in Hexes
  7295 | D:7      | Found a hide-covered altar of Uskayaw.
  7409 | D:7      | Reached skill level 7 in Conjurations
  7415 | D:7      | HP: 5/52 [orc warrior/+0 dire flail (14)]
  7416 | D:7      | Reached XP level 9. HP: 6/57 MP: 0/20
  7821 | D:7      | Reached skill level 8 in Spellcasting
  8127 | D:7      | Found a broken altar of Ashenzari.
  8131 | D:7      | Found a hazy altar of Hepliaklqana.
  8132 | D:7      | Found an ornate altar of the Wu Jian Council.
  8134 | D:7      | Found a snail-covered altar of Cheibriados.
  8134 | D:7      | Found a radiant altar of Vehumet.
  8141 | D:7      | You pick up a book of Minor Magic and begin reading...
  8141 | D:7      | You add the spells Blink, Call Imp, Slow, Conjure Flame and
                  | Mephitic Cloud to your library.
  8143 | D:7      | Became a worshipper of Vehumet
  8574 | D:7      | Identified a +1 pair of boots of running (You found it on
                  | level 7 of the Dungeon)
  9093 | D:8      | Found Nuigios's Demolitions Depot.
  9128 | D:8      | Reached skill level 2 in Dodging
  9512 | D:8      | Reached skill level 1 in Fighting
  9512 | D:8      | Reached skill level 1 in Ice Magic
  9566 | D:8      | Reached skill level 1 in Armour
 10355 | D:9      | Reached * piety under Vehumet
 10355 | D:9      | Offered knowledge of Shock by Vehumet.
 10460 | D:9      | Reached skill level 2 in Fighting
 10460 | D:9      | Reached skill level 9 in Spellcasting
 10851 | D:9      | Reached skill level 2 in Ice Magic
 10903 | D:9      | Found a glowing silver altar of Zin.
 10935 | D:9      | Found an opulent altar of Gozag.
 10987 | D:10     | Entered Level 10 of the Dungeon
 10994 | D:10     | You pick up a book of Conjurations and begin reading...
 11027 | D:10     | Reached skill level 2 in Armour
 11353 | D:10     | Reached XP level 10. HP: 68/68 MP: 18/23
 11355 | D:10     | Reached skill level 3 in Dodging
 11355 | D:10     | Reached skill level 8 in Conjurations
 11375 | D:10     | Noticed a two-headed ogre
 11383 | D:10     | Killed a two-headed ogre
 11696 | D:10     | Reached skill level 3 in Fighting
 11894 | D:10     | Found a staircase to the Orcish Mines.
 11899 | D:10     | Found a roughly hewn altar of Beogh.
 12488 | D:10     | Reached skill level 3 in Armour
 12705 | D:10     | Killed an unseen horror
 12706 | D:10     | Reached skill level 3 in Ice Magic
 13628 | D:11     | Noticed a death yak
 13744 | D:11     | Reached ** piety under Vehumet
 13744 | D:11     | Offered knowledge of Foxfire by Vehumet.
 13745 | D:11     | Reached skill level 4 in Dodging
 13834 | D:11     | Noticed a death yak
 13838 | D:11     | Noticed a death yak
 13869 | D:10     | Killed a death yak
 13870 | D:10     | Reached skill level 4 in Fighting
 13870 | D:10     | Reached skill level 10 in Spellcasting
 14062 | D:11     | Noticed a cyan ugly thing
 14070 | D:11     | Killed a cyan ugly thing
 14071 | D:11     | Gained mutation: Your flesh is cold resistant. (rC+)
                  | [demonic ancestry]
 14071 | D:11     | Reached XP level 11. HP: 65/77 MP: 15/25
 14163 | D:11     | Killed an unseen horror
 14391 | D:11     | Noticed a deep elf mage
 14393 | D:11     | Noticed a deep elf mage
 14401 | D:11     | Killed a deep elf mage
 14402 | D:11     | Reached skill level 4 in Armour
 14403 | D:11     | Killed a deep elf mage
 14404 | D:11     | Reached skill level 4 in Ice Magic
 14420 | D:10     | magus.rc [v1.9.10]
 14537 | D:4      | Bought the +2 helmet of Tuxteepp {rElec rCorr Stlth+} for
                  | 405 gold pieces
 14722 | D:11     | Noticed a deep elf mage
 14723 | D:11     | Noticed a deep elf mage
 14733 | D:11     | Killed a deep elf mage
 14749 | D:11     | Killed a deep elf mage
 14750 | D:11     | Reached skill level 9 in Conjurations
 14770 | D:11     | Noticed a deep elf mage
 14777 | D:11     | Killed a deep elf mage
 14784 | D:11     | Noticed a deep elf mage
 14796 | D:11     | Killed a deep elf mage
 14800 | D:11     | Noticed a deep elf mage
 14939 | D:11     | Noticed a deep elf mage
 14944 | D:11     | Killed a deep elf mage
 14947 | D:11     | Reached skill level 5 in Dodging
 14956 | D:11     | Noticed a deep elf mage
 14963 | D:11     | Reached skill level 5 in Fighting
 14980 | D:11     | Killed a deep elf mage
 14995 | D:11     | Killed a deep elf mage
 15273 | D:11     | Offered knowledge of Static Discharge by Vehumet.
 15386 | D:11     | Noticed a death yak
 15633 | D:11     | Noticed a death yak
 15639 | D:11     | Noticed a death yak
 15641 | D:11     | Noticed a death yak
 15658 | D:11     | Killed a death yak
 15660 | D:11     | Killed a death yak
 15661 | D:11     | Reached skill level 11 in Spellcasting
 15663 | D:11     | Killed a death yak
 15664 | D:11     | Reached skill level 5 in Armour
 15664 | D:11     | Reached skill level 5 in Ice Magic
 15681 | D:11     | Killed a death yak
 15683 | D:11     | HP: 10/81 [death yak (20)]
 16009 | D:11     | Gained mutation: You are immune to freezing clouds.
                  | [demonic ancestry]
 16009 | D:11     | Reached XP level 12. HP: 87/87 MP: 23/27
 16062 | D:11     | Found a staircase to the Lair.
 16152 | D:11     | Killed a death yak
 16258 | D:11     | Killed a death yak
 16488 | Lair:1   | Entered Level 1 of the Lair of Beasts
 16534 | Lair:1   | Reached skill level 6 in Fighting
 17380 | Lair:2   | Reached skill level 6 in Dodging
 17494 | Lair:2   | Reached *** piety under Vehumet
 17498 | Lair:2   | Reached skill level 1 in Shields
 17636 | Lair:2   | magus.rc [v1.9.10]
 17648 | Lair:2   | Learned a level 3 spell: Mephitic Cloud
 17839 | Lair:2   | Reached skill level 1 in Poison Magic
 17871 | Lair:2   | Reached skill level 1 in Air Magic
 17874 | Lair:2   | Reached skill level 10 in Conjurations
 17958 | Lair:2   | HP: 21/89 [elephant (2)]
 18349 | Lair:2   | Reached skill level 2 in Poison Magic
 18356 | Lair:2   | Offered knowledge of Frozen Ramparts by Vehumet.
 18357 | Lair:2   | Reached skill level 2 in Air Magic
 18361 | Lair:2   | Learned a level 3 spell: Frozen Ramparts
 18465 | Lair:2   | Noticed a four-headed hydra
 18476 | Lair:2   | Killed a four-headed hydra
 18477 | Lair:2   | Reached skill level 6 in Ice Magic
 18982 | Lair:3   | Reached skill level 2 in Shields
 19151 | Lair:3   | Found a staircase to the Snake Pit.
 19521 | Lair:3   | Noticed Fannar
 19547 | Lair:3   | Killed Fannar
 19548 | Lair:3   | Reached skill level 12 in Spellcasting
 19723 | Lair:3   | Reached skill level 3 in Poison Magic
 19723 | Lair:3   | Gained mutation: You may emit foul miasma when damaged in
                  | melee. [demonic ancestry]
 19723 | Lair:3   | Reached XP level 13. HP: 74/95 MP: 16/29
 19732 | Lair:3   | Reached skill level 3 in Air Magic
 19928 | Lair:3   | Found a staircase to the Swamp.
 20701 | Lair:4   | Reached skill level 7 in Fighting
 20911 | Lair:4   | Reached **** piety under Vehumet
 21268 | Lair:4   | Noticed Nessos
 21288 | Lair:4   | Killed Nessos
 21289 | Lair:4   | Reached skill level 4 in Poison Magic
 21334 | Lair:4   | Reached skill level 4 in Air Magic
 21638 | Lair:4   | Reached skill level 3 in Shields
 21754 | Lair:4   | Offered knowledge of Olgreb's Toxic Radiance by Vehumet.
 21763 | Lair:4   | Learned a level 4 spell: Olgreb's Toxic Radiance
 21905 | Lair:4   | Reached skill level 7 in Dodging
 22770 | Lair:5   | Noticed Sonja
 22783 | Lair:5   | Killed Sonja
 22784 | Lair:5   | Reached skill level 5 in Poison Magic
 23093 | Lair:5   | Reached skill level 7 in Ice Magic
 23794 | Lair:5   | Found a runed translucent door.
 23794 | Lair:5   | Found a viscous altar of Jiyva.
 23795 | Lair:5   | Noticed an azure jelly
 23810 | Lair:5   | Found a staircase to the Slime Pits.
 23811 | Lair:5   | Noticed an azure jelly
 23919 | Lair:6   | Entered Level 6 of the Lair of Beasts
 23935 | Lair:6   | Reached ***** piety under Vehumet
 23935 | Lair:6   | Offered knowledge of Freezing Cloud by Vehumet.
 23949 | Lair:6   | HP: 9/98 [death yak (22)]
 23951 | Lair:6   | Gained mutation: A meltable icy envelope protects you from
                  | harm. (AC +10) [demonic ancestry]
 23951 | Lair:6   | Reached XP level 14. HP: 10/104 MP: 0/30
 23954 | Lair:6   | HP: 15/104 [death yak (23)]
 23956 | Lair:6   | HP: 5/104 [death yak (17)]
 23959 | Lair:6   | Reached skill level 4 in Shields
 23963 | Lair:6   | HP: 5/104 [poisoned by a cane toad]
 23976 | Lair:6   | Mangled by a death yak

Vanquished Creatures
  Nessos (Lair:4)
  3 hydras
  Fannar (Lair:3)
  A two-headed ogre (D:10)
  13 death yaks
  Sonja (Lair:5)
  2 unseen horrors
  9 deep elf magi (D:11)
  An ugly thing (D:11)
  A manticore (D:11)
  3 black mambas (Lair:5)
  24 elephants
  7 cane toads
  3 rime drakes
  6 komodo dragons
  A troll (D:11)
  16 blink frogs
  2 polar bears
  4 dream sheep (Lair:4)
  A vampire (D:11)
  A spriggan (D:10)
  25 yaks
  A wraith (D:10)
  3 wyverns
  A basilisk (Lair:5)
  A steam dragon (D:11)
  3 nagas (Lair:3)
  7 water moccasins
  3 sky beasts
  An ice beast (D:10)
  6 orc warriors
  2 black bears
  2 necrophages
  9 ogres
  4 wolves (Lair:2)
  2 phantoms
  4 centaurs
  A big kobold (D:7)
  16 bullfrogs
  A wyvern skeleton (D:10)
  4 scorpions
  7 killer bees
  4 wights (D:8)
  An electric eel (D:8)
  3 centaur zombies
  A quasit (D:8)
  5 hounds
  11 orc wizards
  Crazy Yiuf (D:2)
  11 orc priests
  2 jellies
  A centaur skeleton (D:8)
  Jessica (D:2)
  Natasha (thrice) (D:2)
  An iguana (D:11)
  6 worker ants
  A hound zombie (D:9)
  2 hound skeletons (D:7)
  A howler monkey zombie (D:7)
  A worker ant zombie (D:3)
  7 adders
  6 gnolls
  A howler monkey skeleton (D:4)
  3 white imps
  An ufetubus (D:5)
  3 oozes
  4 worms
  3 dart slugs
  2 leopard geckos
  39 orcs
  5 giant cockroaches
  9 goblins
  4 hobgoblins
  5 jackals
  6 quokkas
  A ball python (D:2)
  A ball python zombie (D:5)
  13 bats
  8 frilled lizards
  13 kobolds
  A quokka skeleton (D:4)
  11 rats
406 creatures vanquished.

Vanquished Creatures (others)
  An orc (D:7)
  3 fulminant prisms (Lair:3)
  18 fungi
  15 plants
37 creatures vanquished.

Grand Total: 443 creatures vanquished

Table legend:
 A = Non-vault XP
 B = Vault XP
 C = Vault XP percentage of total XP
 D = Non-vault monster count
 E = Vault monster count
 F = Vault count percentage of total count
                 A         B        C        D         E       F
            +---------+---------+-------+---------+---------+-------
      Total |   50366 |   16388 |  24.5 |     363 |      43 |  10.6
            +---------+---------+-------+---------+---------+-------
        D:1 |      44 |       0 |   0.0 |      27 |       0 |   0.0
        D:2 |     131 |     115 |  46.7 |      27 |       3 |  10.0
        D:3 |     124 |       0 |   0.0 |      24 |       0 |   0.0
        D:4 |     645 |       0 |   0.0 |      30 |       0 |   0.0
        D:5 |     108 |       0 |   0.0 |       5 |       0 |   0.0
        D:6 |     583 |       0 |   0.0 |      15 |       0 |   0.0
        D:7 |    1274 |       0 |   0.0 |      29 |       0 |   0.0
        D:8 |    1253 |       0 |   0.0 |      22 |       0 |   0.0
        D:9 |     791 |     122 |  13.4 |      12 |       1 |   7.7
       D:10 |    2889 |    1713 |  37.2 |      24 |      16 |  40.0
       D:11 |    3546 |   10295 |  74.4 |      29 |      15 |  34.1
     Lair:1 |    2259 |     411 |  15.4 |      10 |       1 |   9.1
     Lair:2 |    7939 |       0 |   0.0 |      26 |       0 |   0.0
     Lair:3 |    4465 |    1568 |  26.0 |      14 |       5 |  26.3
     Lair:4 |   13390 |    1344 |   9.1 |      43 |       1 |   2.3
     Lair:5 |    5895 |     820 |  12.2 |      16 |       1 |   5.9
     Lair:6 |    5030 |       0 |   0.0 |      10 |       0 |   0.0
            +---------+---------+-------+---------+---------+-------

Illustrated notes

Table legend:
 A = Kills in this place as a percentage of kills in entire the game.
 B = Kills by you in this place as a percentage of kills by you in the entire game.
 C = Kills by friends in this place as a percentage of kills by friends in the entire game.
 D = Other kills in this place as a percentage of other kills in the entire game.
 E = Experience gained in this place as a percentage of experience gained in the entire game.
 F = Experience gained in this place divided by the number of levels of this place that you have seen.
                   A       B       C       D       E      F
               +-------+-------+-------+-------+-------+----------------------
         Total | 100.0 | 100.0 |   N/A | 100.0 | 100.0 | 3708.6
       Dungeon |  68.7 |  69.1 |   N/A |   0.0 |  35.4 | 2148.5
          Lair |  31.3 |  30.9 |   N/A | 100.0 |  64.6 | 7186.8
               +-------+-------+-------+-------+-------+----------------------

Table legend: (Time is in decaauts)
 A = Elapsed time spent in this place.
 B = Non-inter-level travel time spent in this place.
 C = Inter-level travel time spent in this place.
 D = Time resting spent in this place.
 E = Time spent auto-exploring this place.
 F = Levels seen in this place.
 G = Mean time per level.
                   A        B        C        D        E       F      G
               +--------+--------+--------+--------+--------+-----+--------+
         Total |  23405 |  22492 |    913 |     21 |  19193 |  18 | 1300.3 |
       Dungeon |  16057 |  15479 |    578 |      8 |  13304 |  11 | 1459.7 |
        Temple |     85 |     74 |     11 |      0 |     74 |   1 |   85.0 |
          Lair |   7262 |   6940 |    322 |     13 |   5815 |   6 | 1210.3 |
               +--------+--------+--------+--------+--------+-----+--------+

Top non-repeatable levels by time:
    D:10: 3446 daAuts
     D:7: 2049 daAuts
  Lair:4: 1851 daAuts
    D:11: 1645 daAuts
  Lair:3: 1639 daAuts
  Lair:2: 1512 daAuts
     D:2: 1397 daAuts
  Lair:5: 1382 daAuts
     D:4: 1362 daAuts
     D:6: 1293 daAuts
     D:1: 1181 daAuts
     D:8: 1042 daAuts
     D:9: 1008 daAuts
     D:3: 976 daAuts
  Lair:1: 814 daAuts
